 Dungeon Crawl Stone Soup version 0.29-a0-838-g385bb11a5b (webtiles) character file.

Game seed: 4183790231469461792

56 PimpSugar the Magician (level 3, -6/25 HPs)
             Began as a Demonspawn Hedge Wizard on July 14, 2022.
             Was a High Priest of Ignis.
             Mangled by a gnoll
             ... wielding a +0 spear
              (8 damage)
             ... on level 3 of the Dungeon.
             The game lasted 00:09:52 (2970 turns).

PimpSugar the Magician (Demonspawn Hedge Wizard)    Turns: 2970, Time: 00:09:53

Health: -6/25      AC:  3    Str: 10    XL:     3   Next: 71%
Magic:  2/7        EV: 12    Int: 17    God:    Ignis [*****.]
Gold:   41         SH:  4    Dex: 12    Spells: 5/8 levels left

rFire   + . .      SeeInvis .   a - +0 dagger
rCold   . . .      Faith    .   (no shield)
rNeg    . . .      Spirit   .   b - +0 robe
rPois   .          Reflect  .   c - +0 hat
rElec   .          Harm     .   m - scarf {repulsion}
rCorr   .          Rampage  .   (no gloves)
Will    .....                   x - +0 pair of boots
Stlth   ++........              q - amulet of regeneration
HPRegen 0.88/turn               (no ring)
MPRegen 0.10/turn               (no ring)

@: repel missiles
A: large bone plates 1, weakness stinger 1
a: Renounce Religion, Fiery Armour, Foxfire Swarm, Rising Flame


You were on level 3 of the Dungeon.
You worshipped Ignis.
Ignis was extremely pleased with you.
You visited 1 branch of the dungeon, and saw 3 of its levels.

You collected 104 gold pieces.
You spent 63 gold pieces at shops.

Inventory:

Hand Weapons
 a - a +0 dagger (weapon)
 f - a +0 quarterstaff
Missiles
 l - 25 stones
 t - a javelin (quivered)
 v - 12 poisoned darts
Armour
 b - a +0 robe (worn)
 c - a +0 hat (worn)
 m - a scarf of repulsion (worn)
 x - a +0 pair of boots (worn)
Jewellery
 j - an amulet of faith
 q - an amulet of regeneration (around neck)
Scrolls
 g - a scroll of torment {unknown}
 h - a scroll of brand weapon {unknown}
 n - a scroll of vulnerability {unknown}
 r - a scroll of immolation {unknown}
 s - 2 scrolls of teleportation
 w - a scroll of blinking {unknown}
Potions
 d - a potion of magic
 e - 3 potions of curing
 i - 2 potions of mutation
 k - 2 potions of attraction {unknown}
 o - 2 potions of heal wounds {unknown}
 p - a potion of brilliance {unknown}
 u - 2 potions of cancellation {unknown}


   Skills:
 + Level 0.7 Fighting
 + Level 2.1 Dodging
 + Level 2.0 Stealth
 * Level 3.3 Spellcasting
 * Level 1.8 Conjurations
 + Level 1.4 Summonings
 + Level 1.3 Translocations


You had 5 spell levels left.
You knew the following spells:

 Your Spells              Type           Power      Damage    Failure   Level
a - Magic Dart            Conj           36%        1d4       8%          1
b - Call Imp              Summ           7%         N/A       14%         2

Your spell library contained the following spells:

 Spells                   Type           Power      Damage    Failure   Level
 Summon Small Mammal      Summ           28%        N/A       10%         1
 Blink                    Tloc           14%        N/A       16%         2
 Slow                     Hex            8%         N/A       17%         1
 Call Canine Familiar     Summ           7%         N/A       28%         3
 Conjure Flame            Conj/Fire      6%         6-21      34%         3
 Mephitic Cloud           Conj/Pois/Air  4%         N/A       36%         3
 Summon Guardian Golem    Hex/Summ       5%         N/A       36%         3
 Tukima's Dance           Hex            2%         N/A       45%         3
 Passage of Golubria      Tloc           7%         N/A       69%         4
 Yara's Violent Unravell  Hex/Tmut       1%         3d3       99%         5


Dungeon Overview and Level Annotations

Branches:
Dungeon (3/15)

Altars:
Ignis

Shops:
D:3 [


Innate Abilities, Weirdness & Mutations

You are partially covered in large bone plates. (SH +4)
You have a small tail.


Message History

Throw: 5 javelins
Press: ? - help, Q - select action, (/) - cycle Shift-Dir - straight line, f - iguana
Aim: an iguana (lightly wounded, 60% to hit)
You throw a javelin. The javelin pierces through the iguana.
The iguana is heavily wounded.
The javelin pierces through the gnoll.
The gnoll is moderately wounded.
The iguana bites you! The gnoll barely misses you.
Throw: 4 javelins
Press: ? - help, Q - select action, (/) - cycle Shift-Dir - straight line, f/p - iguana
Aim: an iguana (heavily wounded, 60% to hit)
You throw a javelin. The javelin barely misses the iguana.
The javelin pierces through the gnoll.
The gnoll is severely wounded.
The iguana misses you.
The gnoll hits you from afar with a +0 spear.
The iguana bites you. The gnoll closely misses you.
Throw: 3 javelins
Press: ? - help, Q - select action, (/) - cycle Shift-Dir - straight line, f/p - iguana
Aim: an iguana (heavily wounded, 60% to hit)
You throw a javelin.
The javelin pierces through the iguana but does no damage.
The iguana is heavily wounded.
The javelin pierces through the gnoll.
The gnoll is almost dead.
The iguana bites you.
The gnoll hits you from afar with a +0 spear.
* * * LOW HITPOINT WARNING * * *
Throw: 2 javelins
Press: ? - help, Q - select action, (/) - cycle Shift-Dir - straight line, f/p - iguana
Aim: an iguana (heavily wounded, 60% to hit)
You throw a javelin. The javelin pierces through the iguana.
The iguana is severely wounded.
The javelin barely misses the gnoll.
The iguana closely misses you.
The gnoll hits you from afar with a +0 spear.
* * * LOW HITPOINT WARNING * * *
The iguana barely misses you.
The gnoll hits you from afar with a +0 spear!
You die...

### ####.# #....#
#.##.# #.##.#
#####.##.##########
#.......(....gl@..#
#..........######.#
##..........# #
................
##..........###.#
#..........#
##............
...............
##..########...


You could see an iguana and a gnoll.

Vanquished Creatures
  A worm (D:2)
  A dart slug (D:1)
  3 endoplasms
  2 giant cockroaches
  4 goblins
  6 hobgoblins
  7 ball pythons
  6 bats
  8 frilled lizards
  2 kobolds
  3 rats
43 creatures vanquished.

Vanquished Creatures (collateral kills)
  2 worms (D:2)
  An endoplasm (D:1)
3 creatures vanquished.

Grand Total: 46 creatures vanquished

Notes
Turn   | Place    | Note
-------+----------+-------------------------------------------
     0 | D:1      | PimpSugar the Demonspawn Hedge Wizard began the quest for
                  | the Orb.
     0 | D:1      | Reached XP level 1. HP: 13/13 MP: 4/4
   276 | D:1      | Reached skill level 1 in Translocations
   368 | D:1      | Gained mutation: You have a small tail. [demonic ancestry]
   368 | D:1      | Reached XP level 2. HP: 19/19 MP: 1/6
   937 | D:1      | Found a faded altar of an unknown god.
   952 | D:1      | Prayed at the altar of an unknown god.
   952 | D:1      | Became a worshipper of Ignis, the Dying Flame
   953 | D:1      | Fell from the grace of Ignis
   977 | D:1      | Became a worshipper of Ignis, the Dying Flame
  1137 | D:1      | Learned a level 2 spell: Call Imp
  1787 | D:2      | Gained mutation: You are partially covered in large bone
                  | plates. (SH +4) [demonic ancestry]
  1787 | D:2      | Reached XP level 3. HP: 25/25 MP: 4/7
  2896 | D:3      | Found Raaj's Armour Boutique.
  2904 | D:3      | Bought a +0 pair of boots for 63 gold pieces
  2970 | D:3      | Mangled by a gnoll

Illustrated notes

Levels and vault maps discovered:
D:1:      saegor_arrival_under_anarchy, layout_loops_corners,
          shapermc_ecumenical_altar_mp_highgroup
D:2:      layout_basic
D:3:      layout_basic, serial_shops, nicolae_shop_hallway_stairs, shop, shop

Skill      XL: |  1  2  3 |
---------------+----------+-----
Translocations | 1 |  1.3
Stealth        | 2 |  2.0
Dodging        | 2 |  2.1
Fighting       | |  0.7
Spellcasting   | |  3.3
Conjurations   | |  1.8
Summonings     | |  1.4

Action                   || total
-------------------------++-------
Melee: Dagger            ||    69
       Tailslap          ||    10
Throw: Javelin           ||     4
 Cast: Magic Dart        ||    71
       Call Imp          ||     8
Invok: Renounce Religion ||     1
  Use: Scroll            ||     3
 Stab: Sleeping          ||     1
Armor: Robe              ||    13
Dodge: Dodged            ||    49
Block: Other             ||     4

Table legend: (Time is in decaauts)
 A = Elapsed time spent in this place.
 B = Non-inter-level travel time spent in this place.
 C = Inter-level travel time spent in this place.
 D = Time resting spent in this place.
 E = Time spent auto-exploring this place.
 F = Levels seen in this place.
 G = Mean time per level.
                   A        B        C        D        E       F      G
               +--------+--------+--------+--------+--------+-----+--------+
         Total |   2970 |   2928 |     42 |     42 |   2232 |   3 |  990.0 |
       Dungeon |   2970 |   2928 |     42 |     42 |   2232 |   3 |  990.0 |
               +--------+--------+--------+--------+--------+-----+--------+

Top non-repeatable levels by time:
     D:1: 1713 daAuts
     D:2: 969 daAuts
     D:3: 288 daAuts
